AoeStats
← 李天尊

Black Forest

509915705Analyzed
4v4 RM · 4d ago on Sep 28, 2026· 37m 19s· 8 players
Game mode
Random Map
Map size
Large (8 player)
Population
200
Speed
Normal
Resources
Standard
Victory
Conquest
Starting age
Dark Age
Ending age
Imperial Age
RankedLock teamsTeams togetherTeam positionsShared explorationLock speedFull tech treeHidden civsTurbo modeCheats
Victory
Defeat
🇹🇼 Bengalis · Taiwan
1334
+14
🇨🇳 Danes · China
1325
+15
🇨🇳 Varangians · China
1281
+17
🇨🇳 Saxons · China
1279
+17
🇫🇷 Mongols · France
1318
-17
🇮🇱 Magyars · Israel
1302
-16
🇫🇮 Dravidians · Finland
1281
-15
🇳🇦 Franks · Namibia
1280
-15
李天尊
4:52 Loom
11:11 Feudal Age
14:54 Castle Age
13:02 Double-Bit Axe
13:32 Horse Collar
16:16 Bow Saw
19:42 Wheelbarrow
20:04 Heavy Plow
23:04 Hand Cart
23:48 Gold Mining
25:36 Stone Mining
26:12 Town Watch
29:20 Imperial Age
26:43 Fletching
27:54 Bloodlines
27:44 Husbandry
27:41 Bodkin Arrow
29:41 Ballistics
30:04 Padded Archer Armor
31:47 Paiks
32:02 Conscription
32:34 Bracer
33:41 Chemistry
32:15 Elite Elephant Archer
34:37 Leather Archer Armor
37:14 Ring Archer Armor
36:26 Pikeman
36:51 Gambesons
37:07 Squires
36:52 Arson
Pol Pot·波尔布特
1:28 Loom
10:49 Feudal Age
11:41 Double-Bit Axe
14:49 Castle Age
12:43 Horse Collar
17:03 Bow Saw
22:17 Wheelbarrow
22:45 Heavy Plow
23:05 Gold Mining
25:35 Stone Mining
26:23 Gold Shaft Mining
26:05 Scale Mail Armor
26:15 Forging
27:17 Chain Mail Armor
30:34 Imperial Age
28:22 Hand Cart
27:54 Town Watch
29:23 Iron Casting
29:20 Fortified Wall
28:50 Treadmill Crane
28:37 Pikeman
29:18 Squires
29:03 Gambesons
29:04 Arson
30:46 Elite Varangian Guard
31:48 Conscription
30:49 Shield Wall
32:04 Plate Mail Armor
32:02 Siege Engineers
34:18 Two-Man Saw
36:23 Halberdier
noobnoob
11:44 Feudal Age
12:27 Double-Bit Axe
12:24 Horse Collar
15:40 Castle Age
16:39 Bow Saw
16:44 Heavy Plow
22:42 Wheelbarrow
22:00 Loom
22:02 Town Watch
23:33 Gold Mining
24:10 Hand Cart
24:00 Gold Mining
25:43 Stone Mining
26:06 Scale Barding Armor
28:54 Imperial Age
27:00 Forging
27:45 Stone Shaft Mining
27:52 Chain Barding Armor
28:10 Bloodlines
28:00 Husbandry
29:46 Iron Casting
29:05 Capped Ram
30:51 Two-Man Saw
29:30 Elite Jarl
30:49 Conscription
31:25 Plate Barding Armor
30:54 Siege Ram
33:27 Blast Furnace
33:08 Coinage
35:31 Banking
'Pyc_Hawk' = cryer
10:00 Feudal Age
13:35 Castle Age
11:27 Double-Bit Axe
11:45 Horse Collar
15:51 Wheelbarrow
18:09 Bow Saw
22:29 Hand Cart
22:25 Loom
23:02 Heavy Plow
22:55 Gold Mining
22:55 Stone Mining
27:41 Imperial Age
27:13 Gold Shaft Mining
27:00 Scale Mail Armor
27:10 Forging
26:31 Hamask
27:17 Pikeman
27:58 Squires
27:44 Arson
28:15 Chain Mail Armor
29:09 Conscription
29:23 Siege Engineers
28:43 Onager
29:02 Halberdier
30:57 Plate Mail Armor
30:26 Northmen's Fury
31:57 Iron Casting
31:57 Guard Tower
31:52 Arrowslits
32:50 Fletching
34:00 Blast Furnace
33:37 Keep
33:14 Masonry
33:17 Siege Onager
36:49 Capped Ram
Wolfram
1:06 Loom
11:58 Feudal Age
13:48 Double-Bit Axe
16:22 Castle Age
18:21 Bow Saw
23:40 Wheelbarrow
23:48 Gold Mining
24:39 Town Watch
25:19 Hand Cart
29:37 Imperial Age
27:12 Stone Mining
27:42 Fortified Wall
28:07 Treadmill Crane
28:49 Scale Barding Armor
29:49 Gold Shaft Mining
29:10 Ordonnance Companies
29:39 Cavalier
30:34 Chivalry
30:37 Husbandry
31:00 Chain Barding Armor
31:50 Chemistry
32:52 Plate Barding Armor
32:28 Forging
32:55 Conscription
35:34 Iron Casting
35:30 Caravan
FloDlaMuerte
11:06 Feudal Age
14:38 Castle Age
12:47 Double-Bit Axe
13:06 Horse Collar
14:12 Wheelbarrow
20:19 Horse Collar
21:40 Bow Saw
29:06 Imperial Age
28:14 Caravan
28:47 Hand Cart
28:25 Gold Mining
28:47 Heavy Plow
30:14 Onager
31:00 Fletching
31:18 Scale Barding Armor
31:46 Bodkin Arrow
31:54 Capped Ram
33:23 Chain Barding Armor
33:40 Gold Shaft Mining
34:18 Drill
34:58 Siege Onager
Sunday x Junior
2:39 Loom
10:40 Feudal Age
11:37 Double-Bit Axe
14:37 Castle Age
15:44 Bow Saw
15:16 Horse Collar
17:54 Heavy Plow
22:00 Wheelbarrow
24:09 Hand Cart
23:46 Fletching
29:09 Imperial Age
29:00 Medical Corps
28:52 Bodkin Arrow
30:18 Ballistics
29:21 Elite Elephant Archer
30:12 Thumb Ring
30:10 Bracer
32:00 Chemistry
31:53 Town Watch
33:02 Caravan
33:39 Conscription
35:15 Guilds
Mike
1:09 Loom
12:40 Feudal Age
16:38 Castle Age
16:00 Double-Bit Axe
15:57 Horse Collar
21:30 Bow Saw
24:16 Heavy Plow
25:09 Wheelbarrow
25:40 Stone Mining
26:54 Gold Mining
27:47 Hand Cart
28:20 Gold Shaft Mining
31:27 Imperial Age
31:01 Scale Barding Armor
32:15 Bloodlines
32:05 Husbandry
32:27 Chain Barding Armor
31:30 Cavalier
33:59 Plate Barding Armor
Connection lost

Rejoining the realm…

Still unreachable

The connection could not be restored.

Session expired

The server has moved on; the page needs a fresh start.